AoeStats
← JhordanST

Arabia

509815862Analyzed
1v1 RM · 4d ago on Sep 28, 2026· 40m 3s· 2 players
Game mode
Random Map
Map size
Tiny (2 player)
Population
200
Speed
Normal
Resources
Standard
Victory
Conquest
Starting age
Dark Age
Ending age
Imperial Age
RankedLock teamsTeams togetherTeam positionsShared explorationLock speedFull tech treeHidden civsTurbo modeCheats
Victory
Defeat
🇵🇪 Britons · Peru
949
+15
🇦🇷 Vietnamese · Argentina
920
-15
Burraza
5:52 Loom
9:35 Feudal Age
12:46 Double-Bit Axe
16:51 Town Watch
17:10 Fletching
17:21 Padded Archer Armor
22:08 Castle Age
20:47 Horse Collar
22:45 Bodkin Arrow
23:24 Leather Archer Armor
22:44 Crossbowman
27:46 Thumb Ring
29:28 Wheelbarrow
28:49 Elite Skirmisher
31:59 Hand Cart
34:02 Ballistics
37:59 Forging
37:51 Scale Mail Armor
JhordanST
9:25 Feudal Age
10:25 Double-Bit Axe
12:14 Horse Collar
19:23 Forging
21:44 Castle Age
20:15 Forging
23:28 Iron Casting
23:07 Husbandry
24:40 Scale Barding Armor
26:41 Chain Barding Armor
27:25 Bow Saw
27:42 Town Watch
28:40 Wheelbarrow
28:59 Scale Mail Armor
34:36 Hand Cart
34:40 Crossbowman
39:24 Imperial Age
39:11 Town Patrol
Connection lost

Rejoining the realm…

Still unreachable

The connection could not be restored.

Session expired

The server has moved on; the page needs a fresh start.